MLB
TORONTO BLUE JAYS @ SAN DIEGO PADRES
09/05/2098
 
TOP OF THE 1ST
Toronto Blue Jays batting - Pitching for San Diego Padres : RHP Jamal Grasty
Pitching: RHP Jamal Grasty
Batting: LHB Collin Coleman 0-0: Ball
1-0: Called Strike
1-1: Foul Ball, location: 2F
1-2: Foul Ball, location: 9LMF
1-2: DOUBLE (Line Drive, 9LM, EV 105.6 MPH)
Batting: RHB Greg Whitaker 0-0: Called Strike
0-1: Ball
1-1: Swinging Strike
1-2: Ball
2-2: Strikes out looking
Batting: LHB John Slaff 0-0: Called Strike
0-1: Foul Ball, location: 25F
0-2: Strikes out looking
Batting: SHB Dennis Desper 0-0: Ball
1-0: Ball
2-0: Called Strike
2-1: Ball
3-1: Base on Balls
Batting: LHB Ramon Anguiano 0-0: Ball
1-0: Swinging Strike
1-1: Fly out, F7 (Flyball, 78S, EV 85.6 MPH)
Top of the 1st over - 0 runs, 1 hit, 0 errors, 2 left on base; Toronto 0 - San Diego 0
BOTTOM OF THE 1ST
San Diego Padres batting - Pitching for Toronto Blue Jays : LHP Mike Cerretani
Pitching: LHP Mike Cerretani
Batting: RHB Alfredo Beltran 0-0: SOLO HOME RUN (Line Drive, 89XD, EV 104.4 MPH), Distance : 417 ft
Batting: RHB Maxwell Judson 0-0: Called Strike
0-1: Ball
1-1: Ground out 3-1 (Groundball, 34S, EV 90.6 MPH)
Batting: RHB Chris Santos 0-0: Ball
1-0: Ball
2-0: Ball
3-0: Called Strike
3-1: Fly out, F9 (Flyball, 9LSF, EV 87.5 MPH)
Batting: RHB Jose Barillas 0-0: Called Strike
0-1: Foul Ball, location: 9LDF
0-2: Ground out 4-3 (Groundball, 4, EV 105.6 MPH)
Bottom of the 1st over - 1 run, 1 hit, 0 errors, 0 left on base; Toronto 0 - San Diego 1
TOP OF THE 2ND
Toronto Blue Jays batting - Pitching for San Diego Padres : RHP Jamal Grasty
Batting: LHB Ryan Ricks 0-0: Ball
1-0: Ball
2-0: Called Strike
2-1: Foul Ball, location: 7LSF
2-2: Foul Ball, location: 7LMF
2-2: Foul Ball, location: 23FF
2-2: Foul Ball, location: 3SF
2-2: Strikes out swinging
Batting: RHB Josh Sherman 0-0: Ball
1-0: Swinging Strike
1-1: Foul Ball, location: 2F
1-2: Foul Ball, location: 7LSF
1-2: Strikes out looking
Batting: SHB Mark Spalding 0-0: Ball
1-0: Ball
2-0: Fly out, F8 (Line Drive, 89M, EV 102.5 MPH)
Top of the 2nd over - 0 runs, 0 hits, 0 errors, 0 left on base; Toronto 0 - San Diego 1
BOTTOM OF THE 2ND
San Diego Padres batting - Pitching for Toronto Blue Jays : LHP Mike Cerretani
Batting: RHB Tony Woody 0-0: Ball
1-0: Ball
2-0: Called Strike
2-1: Ball
3-1: Called Strike
3-2: Ground out 6-3 (Groundball, 56, EV 98.1 MPH)
Batting: LHB Joel Sherlock 0-0: Called Strike
0-1: Called Strike
0-2: Ball
1-2: Ground out 6-3 (Groundball, 6S, EV 90.6 MPH)
Batting: RHB Colby Krant 0-0: Ball
1-0: Ball
2-0: Ball
3-0: Called Strike
3-1: Foul Ball, location: 7LMFF
3-2: Fly out, F9 (Line Drive, 89M, EV 89.4 MPH)
Bottom of the 2nd over - 0 runs, 0 hits, 0 errors, 0 left on base; Toronto 0 - San Diego 1
TOP OF THE 3RD
Toronto Blue Jays batting - Pitching for San Diego Padres : RHP Jamal Grasty
Batting: SHB Alex Carrillo 0-0: Ball
1-0: Called Strike
1-1: Called Strike
1-2: Ball
2-2: Ball
3-2: Foul Ball, location: 9LSF
3-2: Foul Ball, location: 9LSF
3-2: SOLO HOME RUN (Flyball, 9D, EV 98.8 MPH), Distance : 376 ft
Pitching: LHP Bryant Miller
Batting: LHB Collin Coleman 0-0: Ball
1-0: Called Strike
1-1: Swinging Strike
1-2: Strikes out swinging
Batting: RHB Greg Whitaker 0-0: Called Strike
0-1: Called Strike
0-2: Ball
1-2: Ball
2-2: Ball
3-2: Base on Balls
Batting: LHB John Slaff 0-0: Fly out, F9 (Flyball, 9, EV 91.3 MPH)
Batting: SHB Dennis Desper 0-0: Ball
1-0: Ball
2-0: Foul Ball, location: 2F
2-1: Swinging Strike
2-2: Ball
3-2: Fly out, F7 (Flyball, 7D, EV 90.6 MPH)
Top of the 3rd over - 1 run, 1 hit, 0 errors, 1 left on base; Toronto 1 - San Diego 1
BOTTOM OF THE 3RD
San Diego Padres batting - Pitching for Toronto Blue Jays : LHP Mike Cerretani
Batting: RHB Bill Carlisle 0-0: Called Strike
0-1: Swinging Strike
0-2: Foul Ball, location: 2F
0-2: Strikes out looking
Batting: RHB Avery Thomas 0-0: Ball
1-0: Ground out 6-3 (Groundball, 6, EV 83.1 MPH)
Pitching: RHP Adam Lyons
Batting: RHB Alfredo Beltran 0-0: Ball
1-0: Ball
2-0: Ball
3-0: Called Strike
3-1: Fly out, F6 (Popup, 6D, EV 53.8 MPH)
Bottom of the 3rd over - 0 runs, 0 hits, 0 errors, 0 left on base; Toronto 1 - San Diego 1
TOP OF THE 4TH
Toronto Blue Jays batting - Pitching for San Diego Padres : LHP Bryant Miller
Batting: LHB Ramon Anguiano 0-0: Called Strike
0-1: Called Strike
0-2: Foul Ball, location: 3F
0-2: Strikes out swinging, 2-3 out at first.
Batting: LHB Ryan Ricks 0-0: Ball
1-0: Ball
2-0: Hit by Pitch
Batting: RHB Josh Sherman 0-0: Ball
Wild Pitch!
Ryan Ricks to second
1-0: Ball
2-0: Called Strike
2-1: Ball
3-1: Base on Balls
Batting: SHB Mark Spalding 0-0: Called Strike
0-1: DOUBLE (Line Drive, 9LM, EV 98.8 MPH)
Ryan Ricks scores
Josh Sherman to third
Runner from 3rd tries for Home, SAFE, throw by RF to trailing runner, SAFE at third!
Batting: SHB Alex Carrillo 0-0: Foul Ball, location: 5F
0-1: Swinging Strike
0-2: Strikes out swinging
Pitching: LHP Robert Bartos
Batting: LHB Collin Coleman 0-0: SINGLE (Groundball, 4, EV 108.1 MPH) (infield hit)
Mark Spalding scores
Batting: RHB Greg Whitaker 0-0: Ball
1-0: Called Strike
1-1: Foul Ball, location: 2F
1-2: Ball
2-2: Fielders Choice at 2nd, 6-4 (Groundball, 6, EV 81.9 MPH)
Top of the 4th over - 3 runs, 2 hits, 0 errors, 1 left on base; Toronto 4 - San Diego 1
BOTTOM OF THE 4TH
San Diego Padres batting - Pitching for Toronto Blue Jays : RHP Adam Lyons
Batting: RHB Maxwell Judson 0-0: Ball
1-0: Called Strike
1-1: Ball
2-1: Ball
3-1: Base on Balls
Batting: RHB Chris Santos 0-0: Ball
1-0: Ball
2-0: Foul Ball, location: 5DF
2-1: Ball
3-1: Swinging Strike
3-2: Fly out, F9 (Flyball, 89M, EV 90.0 MPH)
Batting: RHB Jose Barillas 0-0: Ball
1-0: Called Strike
1-1: Ball
2-1: Ball
3-1: Called Strike
Maxwell Judson is caught stealing 2nd base 2-4
3-2: Foul Ball, location: 2F
3-2: Fly out, F9 (Flyball, 9D, EV 106.3 MPH)
Bottom of the 4th over - 0 runs, 0 hits, 0 errors, 0 left on base; Toronto 4 - San Diego 1
TOP OF THE 5TH
Toronto Blue Jays batting - Pitching for San Diego Padres : LHP Robert Bartos
Batting: LHB John Slaff 0-0: Ball
1-0: SINGLE (Groundball, 56D, EV 103.8 MPH)
Batting: SHB Dennis Desper 0-0: Foul Ball, location: 2F
0-1: Ball
1-1: DOUBLE (Line Drive, 78XD, EV 110.0 MPH)
John Slaff to third
Runner from 3rd tries for Home, SAFE, throw by LF to home
Batting: LHB Ramon Anguiano 0-0: Ball
1-0: Single, Error in OF, E9, batter to second base (Groundball, 34D, EV 97.5 MPH)
Dennis Desper scores
Batting: LHB Ryan Ricks 0-0: Ball
1-0: Ball
2-0: Foul Ball, location: 3DF
2-1: Foul Ball, location: 2F
2-2: Ball
3-2: SINGLE (Groundball, 4MD, EV 103.1 MPH)
Ramon Anguiano to third
Batting: RHB Josh Sherman 0-0: Swinging Strike
0-1: Swinging Strike
0-2: Ball
1-2: Ball
2-2: Strikes out swinging
Batting: SHB Mark Spalding 0-0: Called Strike
0-1: Ball
1-1: Swinging Strike
1-2: Ball
2-2: Ball
3-2: Strikes out swinging
Batting: SHB Alex Carrillo 0-0: Fly out, F8 (Flyball, 8RXD, EV 106.9 MPH)
Top of the 5th over - 2 runs, 4 hits, 1 error, 2 left on base; Toronto 6 - San Diego 1
BOTTOM OF THE 5TH
San Diego Padres batting - Pitching for Toronto Blue Jays : RHP Adam Lyons
Batting: RHB Tony Woody 0-0: Ground out 6-3 (Groundball, 6, EV 107.5 MPH)
Batting: LHB Joel Sherlock 0-0: Ball
1-0: Ball
2-0: Called Strike
2-1: Ball
3-1: Base on Balls
Batting: RHB Colby Krant 0-0: Called Strike
0-1: Ball
1-1: Called Strike
1-2: Foul Ball, location: 9LSF
1-2: Ball
2-2: Single, Error in OF, E7, batter to second base (Groundball, 6D, EV 106.9 MPH)
Joel Sherlock to third
Batting: RHB Bill Carlisle 0-0: Ball
1-0: Swinging Strike
1-1: Ball
2-1: Swinging Strike
2-2: Strikes out swinging
Pitching: RHP Blake Dickerson
Batting: RHB Avery Thomas 0-0: Ball
1-0: Ball
2-0: SINGLE (Line Drive, 4MD, EV 95.6 MPH)
Joel Sherlock scores
Colby Krant to third
Runner from 3rd tries for Home, SAFE, throw by CF to home
Avery Thomas to second
Batting: RHB Alfredo Beltran 0-0: Called Strike
0-1: Ball
1-1: Ball
2-1: Swinging Strike
2-2: Foul Ball, location: 5FF
2-2: Fly out, F9 (Flyball, 9, EV 90.6 MPH)
Bottom of the 5th over - 2 runs, 2 hits, 1 error, 1 left on base; Toronto 6 - San Diego 3
TOP OF THE 6TH
Toronto Blue Jays batting - Pitching for San Diego Padres : LHP Robert Bartos
Pitching: LHP Jorge Espino
Batting: LHB Collin Coleman 0-0: Called Strike
0-1: SOLO HOME RUN (Flyball, 89XD, EV 103.1 MPH), Distance : 402 ft
Batting: RHB Greg Whitaker 0-0: Foul Ball, location: 5FF
0-1: Fly out, F9 (Flyball, 9D, EV 110.0 MPH)
Batting: LHB John Slaff 0-0: Foul Ball, location: 5FF
0-1: Ball
1-1: Foul Ball, location: 2F
1-2: Strikes out swinging
Batting: SHB Dennis Desper 0-0: Ball
1-0: Foul Ball, location: 25F
1-1: Fly out, F9 (Flyball, 89D, EV 90.6 MPH)
Top of the 6th over - 1 run, 1 hit, 0 errors, 0 left on base; Toronto 7 - San Diego 3
BOTTOM OF THE 6TH
San Diego Padres batting - Pitching for Toronto Blue Jays : RHP Blake Dickerson
Batting: RHB Maxwell Judson 0-0: Foul Ball, location: 23F
0-1: Foul Ball, location: 5FF
0-2: Strikes out swinging
Pitching: RHP Victor Urueta
Batting: RHB Chris Santos 0-0: Ball
1-0: Foul Ball, location: 3SF
1-1: Ball
2-1: Called Strike
2-2: Ball
3-2: SINGLE (Groundball, 4D, EV 93.8 MPH)
Batting: RHB Jose Barillas 0-0: Ball
1-0: Swinging Strike
1-1: Swinging Strike
1-2: Strikes out looking
Batting: RHB Tony Woody 0-0: Ball
1-0: Ground out U3 (Groundball, 3S, EV 67.5 MPH)
Bottom of the 6th over - 0 runs, 1 hit, 0 errors, 1 left on base; Toronto 7 - San Diego 3
TOP OF THE 7TH
Toronto Blue Jays batting - Pitching for San Diego Padres : LHP Jorge Espino
Batting: LHB Ramon Anguiano 0-0: Foul Ball, location: 2F
0-1: Foul Ball, location: 2LF
0-2: Fly out, F7 (Flyball, 7D, EV 106.9 MPH)
Batting: LHB Ryan Ricks 0-0: Called Strike
0-1: Ball
1-1: Foul Ball, location: 23FF
1-2: Ball
2-2: Foul Ball, location: 25FF
2-2: Ball
3-2: Ground out 5-3 (Groundball, 5, EV 108.1 MPH)
Batting: RHB Josh Sherman 0-0: Ball
1-0: Ball
2-0: Called Strike
2-1: Swinging Strike
2-2: Fly out, F9 (Flyball, 9D, EV 101.3 MPH)
Top of the 7th over - 0 runs, 0 hits, 0 errors, 0 left on base; Toronto 7 - San Diego 3
BOTTOM OF THE 7TH
San Diego Padres batting - Pitching for Toronto Blue Jays : RHP Victor Urueta
Batting: LHB Joel Sherlock 0-0: Ball
1-0: Fly out, F9 (Flyball, 9, EV 91.9 MPH)
Batting: RHB Colby Krant 0-0: Ball
1-0: Ball
2-0: Ball
3-0: Called Strike
3-1: Base on Balls
Batting: RHB Bill Carlisle 0-0: Called Strike
0-1: Foul Ball, location: 3FF
0-2: Ball
1-2: Grounds into double play, 5-4-3 (Groundball, 56, EV 86.9 MPH)
Bottom of the 7th over - 0 runs, 0 hits, 0 errors, 0 left on base; Toronto 7 - San Diego 3
TOP OF THE 8TH
Toronto Blue Jays batting - Pitching for San Diego Padres : LHP Jorge Espino
Batting: SHB Mark Spalding 0-0: Swinging Strike
0-1: Foul Ball, location: 3SF
0-2: Strikes out swinging
Batting: SHB Alex Carrillo 0-0: Ball
1-0: Foul Ball, location: 23F
1-1: Swinging Strike
1-2: Fly out, F9 (Flyball, 9, EV 96.3 MPH)
Pitching: RHP John Elliott
Batting: LHB Collin Coleman 0-0: Ball
1-0: Ball
2-0: Ball
3-0: Base on Balls
Batting: RHB Greg Whitaker 0-0: Ball
1-0: Called Strike
1-1: Foul Ball, location: 2F
1-2: Ball
2-2: Fielders Choice at 2nd, 6-4 (Groundball, 6, EV 105.0 MPH)
Top of the 8th over - 0 runs, 0 hits, 0 errors, 1 left on base; Toronto 7 - San Diego 3
BOTTOM OF THE 8TH
San Diego Padres batting - Pitching for Toronto Blue Jays : RHP Victor Urueta
Batting: RHB Avery Thomas 0-0: Foul Ball, location: 3F
0-1: Called Strike
0-2: Foul Ball, location: 5F
0-2: Ball
1-2: Ground out 5-3 (Groundball, 56S, EV 61.9 MPH)
Pitching: RHP Adrian Korner
Batting: RHB Alfredo Beltran 0-0: Ball
1-0: Swinging Strike
1-1: Ball
2-1: Ground out 4-3 (Groundball, 4M, EV 83.8 MPH)
Batting: RHB Maxwell Judson 0-0: Called Strike
0-1: Foul Ball, location: 9LSF
0-2: Strikes out swinging, 2-3 out at first.
Bottom of the 8th over - 0 runs, 0 hits, 0 errors, 0 left on base; Toronto 7 - San Diego 3
TOP OF THE 9TH
Toronto Blue Jays batting - Pitching for San Diego Padres : RHP John Elliott
Batting: LHB John Slaff 0-0: Ball
1-0: Called Strike
1-1: Ball
2-1: Ball
3-1: Called Strike
3-2: Base on Balls
Batting: SHB Dennis Desper 0-0: Ball
1-0: Called Strike
1-1: Ball
2-1: Called Strike
2-2: SINGLE (Flyball, 56D, EV 101.9 MPH)
John Slaff to second
Batting: LHB Ramon Anguiano 0-0: Ball
1-0: Foul Ball, location: 2F
1-1: Foul Ball, location: 7LSF
1-2: Ball
2-2: Grounds into double play, 3-6-3 (Groundball, 3, EV 88.8 MPH)
John Slaff to third
Batting: LHB Ryan Ricks 0-0: Called Strike
0-1: Foul Ball, location: 3FF
0-2: Foul Ball, location: 2F
0-2: Ball
1-2: SINGLE (Line Drive, 8LS, EV 93.8 MPH)
John Slaff scores
Pitching: RHP Mike Ross
Batting: RHB Josh Sherman 0-0: Ground out 6-3 (Groundball, 6MS, EV 66.3 MPH)
Top of the 9th over - 1 run, 2 hits, 0 errors, 1 left on base; Toronto 8 - San Diego 3
BOTTOM OF THE 9TH
San Diego Padres batting - Pitching for Toronto Blue Jays : RHP Adrian Korner
Batting: RHB Chris Santos 0-0: Called Strike
0-1: Ball
1-1: Foul Ball, location: 5F
1-2: Ball
2-2: Ball
3-2: Ground out 5-3 (Groundball, 56S, EV 69.4 MPH)
Pitching: RHP Bryan Bassett
Batting: RHB Jose Barillas 0-0: Called Strike
0-1: Ball
1-1: Foul Ball, location: 7LDF
1-2: SINGLE (Groundball, 6MD, EV 99.4 MPH)
Batting: RHB Tony Woody 0-0: Ball
1-0: Called Strike
1-1: Called Strike
1-2: Fly out, F8 (Flyball, 8LD, EV 105.0 MPH)
Batting: LHB Joel Sherlock 0-0: Ball
1-0: Foul Ball, location: 2F
1-1: Ball
2-1: Ground out U3 (Groundball, 3, EV 101.9 MPH)
Bottom of the 9th over - 0 runs, 1 hit, 0 errors, 1 left on base; Toronto 8 - San Diego 3
Sunday, April 14th , 2024 - OOTP Baseball 24.11 Build 85